 Dungeon Crawl Stone Soup version 0.31-a0-202-g547052bce9 (webtiles) character file.

Game seed: 7826270586096399130

537 qw the Skirmisher (level 7, -23/40 HPs)
             Began as a Deep Elf Hunter on June 26, 2023.
             Annihilated by an ogre
             ... wielding a +0 giant club
              (29 damage)
             ... on level 5 of the Dungeon.
             The game lasted 00:02:41 (4286 turns).

qw the Skirmisher (Deep Elf Hunter)                 Turns: 4286, Time: 00:02:41

Health: -23/40     AC:  6    Str: 10    XL:     7   Next: 5%
Magic:  9/9        EV: 13    Int: 14    God:
Gold:   221        SH:  0    Dex: 18    Spells: 6/6 levels left

rFire   . . .        Y - +0 shortbow
rCold   . . .        (shield currently unavailable)
rNeg    . . .        c - +0 leather armour
rPois   .            (no helmet)
rElec   .            (no cloak)
rCorr   .            (no gloves)
SInv    .            i - +2 pair of boots
Will    .....        (no amulet)
Stlth   ++           (no ring)
HPRegen 0.26/turn    (no ring)
MPRegen 0.11/turn

%: no passive effects
@: about to teleport
A: no striking features
a: no special abilities


You were on level 5 of the Dungeon.
You visited 1 branch of the dungeon, and saw 5 of its levels.

You collected 221 gold pieces.


   Skills:
 - Level 2.0 Fighting
 + Level 10.2 Ranged Weapons
 - Level 4.2 Dodging
 - Level 1.2 Stealth


You had 6 spell levels left.
You didn't know any spells.
Your spell library was empty.

Inventory:

Hand Weapons
 Y - a +0 shortbow (weapon)
Armour
 c - a +0 leather armour (worn)
 i - a +2 pair of boots (worn)
Scrolls
 a - a scroll of identify
Potions
 e - 4 potions of curing
 f - a potion of cancellation {unknown}
 h - a potion of invisibility {unknown}
 j - a potion of resistance {unknown}
 k - a potion of haste
 l - a potion of lignification {unknown}

Dungeon Overview and Level Annotations

Branches:
Dungeon (5/15)
 Temple: D:4-7

Altars:
Zin
The Shining One

Annotations:
D:3 1 runed translucent door, Crazy Yiuf


Message History

You shoot an arrow. The arrow barely misses the adder.
The adder misses you.
You shoot an arrow. The arrow barely misses the adder.
The adder bites you but does no damage.
You shoot an arrow. The arrow closely misses the adder.
The adder bites you.
You shoot an arrow. The arrow hits the adder!
You kill the adder!
You start resting.
You hear the slow rusting of a distant drain.
HP restored.
You see here an adder corpse.
An ogre comes into view. It is wielding a +0 giant club.
The ogre shouts!
Enter note: You shoot an arrow.
The arrow hits the ogre.
The ogre is lightly wounded.
You shoot an arrow.
The arrow hits the ogre but does no damage.
The ogre is lightly wounded.
Found a stone staircase leading up.
Enter note:
Enter note: You shoot an arrow.
The arrow hits the ogre!
The ogre is heavily wounded.
You shoot an arrow. The arrow hits the ogre.
The ogre is severely wounded.
The ogre hits you with a +0 giant club!
You shoot an arrow. The arrow barely misses the ogre.
The ogre hits you with a +0 giant club!
4284 ||| READING scroll of teleportation.
As you read the scroll of teleportation, it crumbles to dust.
You feel strangely unstable.
You shoot an arrow. The arrow hits the ogre.
The ogre is severely wounded.
The ogre hits you with a +0 giant club.
You shoot an arrow. The arrow barely misses the ogre.
The ogre hits you with a +0 giant club!!
Ouch! That really hurt!
You die...

..#####.####.#..###
##....< #.# #.#..#..
.......#####.####.#..#..
#.................#(.#.#
#.....######.....#..#..
..... #.....#..### ...
#.....#...
######O######.....#..
.......@....%.....>..
......$#...........##
.............####..#
.............# ..#
.............# .#
........##.### #
#######. ..# ......


You could see an ogre.

Vanquished Creatures
  An ogre (D:4)
  2 scorpions (D:4)
  3 hounds (D:4)
  A jelly (D:4)
  Ijyb (D:3)
  An iguana (D:4)
  3 gnolls (D:3)
  7 adders
  4 dart slugs
  6 ball pythons
  7 endoplasms
  5 giant cockroaches
  10 goblins
  6 hobgoblins
  7 kobolds
  2 quokkas
  4 bats
  5 frilled lizards
  7 rats
82 creatures vanquished.

Notes
Turn   | Place    | Note
-------+----------+-------------------------------------------
     0 | D:1      | qw the Deep Elf Hunter began the quest for the Orb.
     0 | D:1      | Reached XP level 1. HP: 12/12 MP: 3/3
     0 | D:1      | 0 ||| qw: Version: 0.3-a-22-g0ed2b0b
     0 | D:1      | 0 ||| qw: Game counter: 6242
     0 | D:1      | 0 ||| qw: Melee chars always use a shield: true
     0 | D:1      | 0 ||| qw: God list: Okawaru
     0 | D:1      | 0 ||| qw: Allow faded altars: false
     0 | D:1      | 0 ||| qw: Do Orc after clearing Dungeon:15 true
     0 | D:1      | 0 ||| qw: Do second Lair branch before Depths: true
     0 | D:1      | 0 ||| qw: Lair rune preference: random
     0 | D:1      | 0 ||| qw: Goals: Normal
     0 | D:1      | 0 ||| PLANNING D:1-11
    62 | D:1      | 62 ||| FLEEEEING.
    99 | D:1      | Reached skill level 6 in Ranged Weapons
    99 | D:1      | Reached XP level 2. HP: 16/16 MP: 4/4
   766 | D:1      | 766 ||| DROPPING +6 ring of intelligence.
   767 | D:1      | 767 ||| READING scroll labelled OVUTAILOU.
   771 | D:1      | 771 ||| READING scroll labelled OKIN FADDIMPIO.
   772 | D:1      | 772 ||| READING scroll labelled MEMIAD MANINUNK.
   773 | D:1      | 773 ||| DRINKING 2 murky pink potions.
   774 | D:1      | 774 ||| DROPPING scroll of butterflies.
   830 | D:2      | Reached XP level 3. HP: 20/20 MP: 5/5
   916 | D:2      | 916 ||| FLEEEEING.
   917 | D:2      | 917 ||| FLEEEEING.
   918 | D:2      | 918 ||| FLEEEEING.
   919 | D:2      | 919 ||| FLEEEEING.
   920 | D:2      | 920 ||| FLEEEEING.
   921 | D:2      | 921 ||| FLEEEEING.
   922 | D:2      | 922 ||| FLEEEEING.
   923 | D:2      | 923 ||| FLEEEEING.
  1040 | D:2      | Reached skill level 7 in Ranged Weapons
  1114 | D:2      | 1114 ||| FLEEEEING.
  1115 | D:2      | 1115 ||| FLEEEEING.
  1428 | D:2      | Reached XP level 4. HP: 22/25 MP: 6/6
  1634 | D:2      | 1634 ||| UPGRADING to +2 pair of boots.
  1639 | D:2      | 1639 ||| READING scroll labelled JUEBAQ ZETHRAUS.
  1640 | D:2      | 1640 ||| READING scroll labelled YMIR WOFYIMAT.
  1701 | D:3      | 1701 ||| DROPPING +2 sling of flaming.
  1767 | D:3      | Found a glowing golden altar of the Shining One.
  1795 | D:3      | Reached skill level 8 in Ranged Weapons
  1953 | D:3      | Noticed Ijyb
  1962 | D:3      | HP: 6/25 [Ijyb/puff of flame (7)]
  1963 | D:3      | 1963 ||| READING 2 scrolls of teleportation.
  2088 | D:3      | Killed Ijyb
  2089 | D:3      | Reached XP level 5. HP: 10/29 MP: 7/7
  2466 | D:3      | Found a runed translucent door.
  2467 | D:3      | Noticed Crazy Yiuf
  3618 | D:4      | Reached skill level 9 in Ranged Weapons
  3653 | D:4      | Reached skill level 3 in Dodging
  3653 | D:4      | Reached XP level 6. HP: 16/34 MP: 8/8
  3895 | D:4      | Reached skill level 10 in Ranged Weapons
  3994 | D:4      | Reached XP level 7. HP: 20/40 MP: 9/9
  4100 | D:4      | Found a glowing silver altar of Zin.
  4200 | D:4      | 4200 ||| READING scroll labelled CUIJYNK QILENK.
  4201 | D:4      | 4201 ||| DRINKING 2 fuming orange potions.
  4202 | D:4      | 4202 ||| READING 2 scrolls of identify.
  4202 | D:4      | 4202 ||| IDENTIFYING dark potion
  4203 | D:4      | 4203 ||| DROPPING potion of magic.
  4207 | D:5      | Entered Level 5 of the Dungeon
  4208 | D:5      | 4208 ||| PLANNING SEWER
  4283 | D:5      | HP: 7/40 [ogre/+0 giant club (16)]
  4284 | D:5      | 4284 ||| READING scroll of teleportation.
  4286 | D:5      | Annihilated by an ogre

Levels and vault maps discovered:
D:1:      sevenhm_arrival_forest_fort_large_4, layout_basic, minivault_4
D:2:      layout_basic, wander_ebering_terrifying_dragon_lair
D:3:      layout_loops_cross, general_overflow_altar, grunt_decor_mini_mirrors,
          uniq_ijyb, uniq_crazy_yiuf_cottage
D:4:      layout_cave_pools, lemuel_round_altar
D:5:      layout_basic, portal_sewer_entry_f, uniq_eustachio, uniq_blork_the_orc

Skill      XL: |  1  2  3  4  5  6 |
---------------+-------------------+-----
Ranged Weapons | 6 7 8 9 10 | 10.2
Dodging        | 3 4 |  4.2
Fighting       | 2 |  2.0
Stealth        | |  1.2

Action                     |  1- 3 |  4- 6 |  7- 9 || total
---------------------------+-------+-------+-------++-------
   Fire: Shortbow          |   116 |   174 |    21 ||   311
    Use: Scroll            |     3 |     3 |     3 ||     9
         Potion            |     1 |       |     1 ||     2
 Armour: Leather armour    |     6 |    25 |     3 ||    34
  Dodge: Dodged            |    19 |    42 |     2 ||    63

Table legend:
 A = Non-vault XP
 B = Vault XP
 C = Vault XP percentage of total XP
 D = Non-vault monster count
 E = Vault monster count
 F = Vault count percentage of total count
                 A         B        C        D         E       F
            +---------+---------+-------+---------+---------+-------
      Total |     731 |      37 |   4.8 |      80 |       2 |   2.4
            +---------+---------+-------+---------+---------+-------
        D:1 |      33 |       0 |   0.0 |      21 |       0 |   0.0
        D:2 |      64 |       1 |   1.5 |      21 |       1 |   4.5
        D:3 |      89 |      36 |  28.8 |      16 |       1 |   5.9
        D:4 |     518 |       0 |   0.0 |      20 |       0 |   0.0
        D:5 |      27 |       0 |   0.0 |       2 |       0 |   0.0
            +---------+---------+-------+---------+---------+-------
